 Dungeon Crawl Stone Soup version 0.16-a0-2984-g889390b (webtiles) character file.

417 Chiseanne the Shield-Bearer (level 7, -1/55 HPs)
             Began as a Formicid Fighter on Dec 6, 2014.
             Slain by a wight
             ... wielding a +0 spear of distortion
              (6 damage)
             ... on level 4 of the Dungeon.
             The game lasted 00:10:52 (3423 turns).

Chiseanne the Shield-Bearer (Formicid Fighter)      Turns: 3423, Time: 00:10:52

Health: -1/55      AC:  9    Str: 20    XL:     7   Next: 15%
Magic:  9/9        EV:  6    Int:  8    God:
Gold:   273        SH: 10    Dex: 12    Spells: 0 memorised, 6 levels left

rFire  . . .     SeeInvis +     a - +0 war axe
rCold  . . .     Clarity  .     s - +0 chain mail {rPois}
rNeg   . . .     SustAb   .     c - +0 shield (curse)
rPois  +         Gourm    .     (helmet unavailable)
rElec  .         Spirit   .     (no cloak)
rCorr  .         Warding  .     (no gloves)
rMut   .         Stasis   +     (no boots)
MR     .....                    (no amulet)
Stlth  ..........               (no ring)
                                (no ring)

@: drained, not resistant to hostile enchantments, extremely unstealthy
A: permanent stasis, dig shafts and tunnels, four strong arms, antennae 3
a: Dig, Shaft Self


You were on level 4 of the Dungeon.
You were not hungry.

You visited 1 branch of the dungeon, and saw 4 of its levels.

You collected 273 gold pieces.

Inventory:

Hand weapons
 a - a +0 war axe (weapon)
 r - a +6 club
 w - a +0 blowgun
Missiles
 e - 4 tomahawks of returning (quivered)
 p - 7 curare-tipped needles
 t - 7 poisoned needles
 x - 6 javelins
Armour
 c - a cursed +0 shield (worn)
 s - a +0 chain mail of poison resistance (worn)
Scrolls
 f - 2 scrolls of remove curse
 h - 2 scrolls of identify
Potions
 i - a potion of brilliance
 k - 2 potions of ambrosia
 o - a potion of resistance
 q - a potion of curing
Comestibles
 b - 2 chunks of flesh
 d - 3 bread rations
 g - a royal jelly
 j - 4 meat rations
 m - a beef jerky
 v - a slice of pizza
 z - a fruit


   Skills:
 * Level 4.5(3.8) Fighting
 * Level 3.2(2.6) Axes
 * Level 4.9(4.2) Armour
 * Level 2.3(1.7) Dodging
 * Level 5.5(4.9) Shields


You had 6 spell levels left.
You didn't know any spells.

Dungeon Overview and Level Annotations

Branches:
Dungeon (4/15)
 Temple: D:4-7

Altars:
Cheibriados
Elyvilon

Shops:
D:4 (


Innate Abilities, Weirdness & Mutations

You are under a permanent stasis effect.
You can dig through walls and to a lower floor.
Your four strong arms can wield two-handed weapons with a shield.
You have a pair of large antennae on your head (SInv).


Message History

The wight barely misses you.
The wight hits you from afar with a halberd!
You feel drained.
You slash the wight!
The wight is heavily damaged.
You hit the wight.
The wight is moderately damaged.
You block the wight's attack. The wight hits you but does no damage.
Space bends around you.
The wight hits you from afar with a halberd!
You hit the wight.
The wight is severely damaged.
Your chain mail prevents you from hitting the wight.
The wight is moderately damaged.
The wight completely misses you. The wight hits you but does no damage.
You feel a strange sense of stasis. You block the wight's attack.
The wight hits you with a scimitar!
* * * LOW HITPOINT WARNING * * *
The wight hits you with a spear of distortion.
You die...

.(. #..... #......
#..... #.... > ...
#.# #.... #####.#
####.. ....
##..#.z##zz.....
#... #......@zz# #.
#.. ###.∩.#####
#.###.# #...#
#..##.# #.#.###
####....#
#.#...#####.......#
#...........##....#
#.........####...##
#.........# #...#
#.........# #...#


You could see 5 wights.

Vanquished Creatures
  Menkaure (D:4)
  2 orc priests (D:3)
  An orc wizard (D:3)
  An iguana (D:4)
  A worker ant (D:4)
  Ijyb (D:2)
  5 adders
  A worm (D:3)
  11 orcs (D:3)
  7 bats
  4 giant cockroaches
  14 goblins
  9 hobgoblins
  7 jackals
  2 quokkas
  3 ball pythons
  A giant gecko skeleton (D:4)
  5 giant newts
  10 kobolds
  13 rats
99 creatures vanquished.

Notes
Turn   | Place    | Note
--------------------------------------------------------------
     0 | D:1      | Chiseanne, the Formicid Fighter, began the quest for the Orb.
     0 | D:1      | Reached XP level 1. HP: 18/18 MP: 1/1
   131 | D:1      | Reached XP level 2. HP: 24/24 MP: 3/3
   214 | D:1      | Reached skill level 4 in Shields
   566 | D:1      | Reached XP level 3. HP: 29/29 MP: 4/4
  1026 | D:2      | Found a white marble altar of Elyvilon.
  1361 | D:2      | Noticed Ijyb
  1377 | D:2      | Killed Ijyb
  1377 | D:2      | Reached XP level 4. HP: 18/37 MP: 5/5
  1750 | D:3      | Reached skill level 1 in Dodging
  1985 | D:3      | Reached XP level 5. HP: 37/42 MP: 7/7
  2115 | D:3      | Reached skill level 5 in Shields
  2189 | D:3      | Found a snail-covered altar of Cheibriados.
  2237 | D:3      | Reached XP level 6. HP: 44/48 MP: 8/8
  3039 | D:4      | Noticed Menkaure
  3049 | D:4      | Killed Menkaure
  3049 | D:4      | Reached XP level 7. HP: 40/55 MP: 9/9
  3411 | D:4      | Found Kada's Weapon Shop.
  3423 | D:4      | Slain by a wight

Action                   |  1- 3 |  4- 6 |  7- 9 || total
-------------------------+-------+-------+-------++-------
Melee: War axe           |    91 |   114 |    16 ||   221
       Club              |       |    28 |       ||    28
 Abil: Dig               |       |     1 |       ||     1
  Use: Potion            |     2 |     3 |       ||     5
       Scroll            |       |     8 |       ||     8
  Eat: Chunk             |     1 |     6 |     1 ||     8
